 Dungeon Crawl Stone Soup version 0.19.0-24-gb05acd6 (webtiles) character file.

53904 Firecrotchwizard the Peltast (level 14, -1/116 (117) HPs)
             Began as a Minotaur Fighter on Nov 22, 2016.
             Was a High Priest of Trog.
             Slain by a catoblepas (6 damage)
             ... on level 6 of the Lair of Beasts.
             The game lasted 01:03:27 (16031 turns).

Firecrotchwizard the Peltast (Minotaur Fighter)    Turns: 16031, Time: 01:03:28

HP:   -1/116 (117)  AC: 20    Str: 19    XL:     14   Next: 32%
MP:   7/7           EV:  2    Int:  5    God:    Trog [*****.]
Gold: 1102          SH:  0    Dex: 15    Spells: 0 memorised, 13 levels left

rFire  . . .     SeeInvis .     x - +4 demon whip (antimagic)
rCold  + . .     Gourm    .     v - +1 plate armour
rNeg   + + +     Faith    .     r - +0 large shield
rPois  ∞         Spirit   .     (helmet unavailable)
rElec  .         Reflect  .     b - +0 cloak
rCorr  .         Harm     .     (no gloves)
MR     +....     Rnd*Rage +     a - +0 pair of boots
Stlth  ..........               m - amulet of regeneration
                                M - ring of magical power
                                h - ring of protection from cold

@: petrified
A: retaliatory headbutt, beak, claws 1, horns 3, repulsion field 1, berserk 1,
frail 1, screaming 1, weak 1
a: Berserk, Trog's Hand, Brothers in Arms, Burn Spellbooks, Renounce Religion


You were on level 6 of the Lair of Beasts.
You worshipped Trog.
Trog was extremely pleased with you.
You were very hungry.

You visited 3 branches of the dungeon, and saw 19 of its levels.
You also visited: Volcano.

You collected 1102 gold pieces.

Inventory:

Hand Weapons
 x - a +4 antimagic demon whip (weapon)
 K - a +2 flail
 P - a +2 dire flail
 Y - a +1 antimagic mace
Missiles
 W - 6 steel javelins (quivered)
Armour
 a - a +0 pair of boots (worn)
 b - a +0 cloak (worn)
 e - a +2 shield of cold resistance
 r - a +0 large shield (worn)
 v - a +1 plate armour (worn)
 R - the +1 shield "Vishrucs" {rElec Int+3}
   (You found it on level 1 of the Lair of Beasts)

   It affects your intelligence (+3).
   It insulates you from electricity.
Jewellery
 h - a ring of protection from cold (left claw)
 m - an amulet of regeneration (around neck)
 y - an uncursed ring of flight
 M - a ring of magical power (right claw)
Wands
 t - a wand of disintegration (9/24)
 A - a wand of digging (16/24)
 E - a wand of confusion (24/48)
 G - a wand of flame (18/48)
 J - a wand of confusion (33/48)
 Q - a wand of random effects (30/48)
 V - a wand of flame (22/48)
Scrolls
 l - a scroll of blinking
 n - 3 scrolls of enchant armour
 z - 6 scrolls of remove curse
 F - 3 scrolls of magic mapping
 H - a scroll of enchant weapon
 L - 2 scrolls of teleportation
 S - 4 scrolls of fear
 U - 4 scrolls of identify
Potions
 c - a potion of cancellation
 d - 3 potions of magic
 i - 3 potions of invisibility
 j - 3 potions of brilliance
 k - a potion of ambrosia
 o - 3 potions of agility
 p - 10 potions of curing
 q - 2 potions of resistance {unknown}
 s - 3 potions of lignification
 w - a potion of might
 C - a potion of flight
 D - 4 potions of heal wounds
 N - 3 potions of degeneration
 T - a potion of haste
Books
 X - a book of Spatial Translocations

   Spells                             Type                      Level
   a - Blink                          Translocation                2
   b - Shroud of Golubria             Charms/Translocation         2
   c - Lesser Beckoning               Translocation                3
   d - Portal Projectile              Translocation                3
   e - Teleport Other                 Translocation                3
   f - Passage of Golubria            Translocation                4
   Trog disapproves of the use of such an item.
Comestibles
 f - 11 bread rations
 g - 6 beef jerkies
 u - 3 meat rations
 I - a slice of pizza


   Skills:
 + Level 13.9 Fighting
 + Level 15.4 Maces & Flails
 + Level 1.5 Throwing
 + Level 13.1 Armour
 + Level 3.4 Dodging
 + Level 16.4 Shields


You had 13 spell levels left.
You didn't know any spells.

Dungeon Overview and Level Annotations

Branches:
Dungeon (12/15)            Temple (1/1) D:4            Lair (6/6) D:11
 Shoals (0/4) Lair:3        Snake (0/4) Lair:3          Orc (0/2) D:9
  Slime: Lair:5-6

Altars:
Ashenzari
Cheibriados
Dithmenos
Elyvilon
Fedhas
Gozag
Hepliaklqana
Kikubaaqudgha
Makhleb
Nemelex Xobeh
Okawaru
Qazlal
Ru
Sif Muna
Trog
Uskayaw
Vehumet
Xom
Yredelemnul
Zin
The Shining One

Shops:
D:6 ?

Annotations:
D:8 1 runed door


Innate Abilities, Weirdness & Mutations

You reflexively headbutt those who attack you in melee.
You have a pair of large horns on your head.
You have a beak for a mouth.
You have sharp fingernails.
You are surrounded by a mild repulsion field. (EV +2)
You tend to lose your temper in combat.
You are frail. (-10% HP)
You occasionally shout uncontrollably at your foes.
You are weak. (Str -2)


Message History

The catoblepas gores you!!
* * * LOW HITPOINT WARNING * * *
You have turned to stone.
You are engulfed in calcifying dust.
The catoblepas breathes a plume of calcifying dust at you.
The blast of calcifying dust hits you! The catoblepas gores you!
* * * LOW HITPOINT WARNING * * *
The catoblepas gores you!!
* * * LOW HITPOINT WARNING * * *
The catoblepas breathes a plume of calcifying dust at you.
The blast of calcifying dust hits you!
You are engulfed in calcifying dust.
The catoblepas gores you but does no damage.
You are engulfed in calcifying dust.
The catoblepas gores you!
* * * LOW HITPOINT WARNING * * *
You are engulfed in calcifying dust.
The catoblepas gores you.
* * * LOW HITPOINT WARNING * * *
You are engulfed in calcifying dust.
The catoblepas gores you!
You die... ..## #.....8.8YY# ..P### ##..##.....## ...†.###..####....# #..†.....## ##..## # #.###††.## #..####.# ..# ##..P# ##..#.§.# .## #.†.## #YYY.Y#

## ##..### ##Y####
### ##...## #@#
..### ###..### #.#
#...## ##...P###§#
##..P###.....P##§#
##...#......###§#
##P......P## #.#
###P##.(## ...
####### #.. ##.


You could see 2 death yaks, a catoblepas and a yak.

Vanquished Creatures
  Gastronok (Lair:2)
  8 hydras
  Harold (Lair:1)
  The ghost of Spathi the Martial Artist, a journeyman DsTm of Ashenzari (Lair:3)
  2 catoblepae (Lair:6)
  Erica (D:11)
  6 death yaks (Lair:6)
  Nergalle (D:10)
  2 unseen horrors (D:12)
  2 hill giants (D:12)
  A toenail golem (Volcano)
  2 black mambas
  Joseph (D:7)
  A gargoyle (D:11)
  4 torpor snails (Lair:5)
  2 molten gargoyles (Volcano)
  10 spiny frogs
  Psyche (D:10)
  An efreet (Volcano)
  4 komodo dragons
  2 rime drakes
  2 trolls
  A two-headed ogre (D:11)
  Prince Ribbit (D:7)
  17 blink frogs
  11 dream sheep
  8 hippogriffs
  A centaur simulacrum (D:12)
  4 basilisks
  2 wyverns
  A human (D:7)
  4 hogs (D:7)
  42 yaks
  3 fire elementals (Volcano)
  A naga (Lair:3)
  12 water moccasins
  The ghost of VictoriousLee the Cudgeler, an amateur VSMo of Ru (D:3)
  5 porcupines
  3 sky beasts
  4 orc warriors
  An ice beast (D:6)
  A necrophage (D:6)
  9 wolves
  4 centaurs
  5 ogres
  14 crocodiles
  3 big kobolds
  A gnoll sergeant (D:8)
  An earth elemental (Volcano)
  22 bullfrogs
  A wyvern zombie (D:6)
  3 scorpions
  4 killer bees
  13 wights
  13 crimson imps
  A howler monkey (D:8)
  3 centaur zombies
  10 hounds
  A jelly (D:11)
  2 bullfrog skeletons
  A gnoll shaman (D:7)
  6 orc priests
  13 orc wizards
  A centaur skeleton (D:11)
  2 iguanas
  5 worker ants
  6 hell rats (Lair:5)
  A bullfrog simulacrum (D:12)
  2 hound zombies
  2 hound skeletons
  19 gnolls
  A howler monkey skeleton (D:8)
  9 adders
  2 shadow imps
  An ufetubus (D:12)
  2 worms (D:2)
  3 dart slugs
  7 leopard geckos
  33 orcs
  14 bats
  5 giant cockroaches
  4 goblins
  5 hobgoblins
  5 jackals
  20 kobolds
  4 quokkas
  9 frilled lizards
  A leopard gecko skeleton (D:9)
  A quokka zombie (D:10)
  10 rats
  A fire vortex (Volcano)
  A fungus (D:11)
485 creatures vanquished.

Vanquished Creatures (collateral kills)
  5 death yaks (Lair:6)
  2 blink frogs (Lair:4)
  6 yaks
  2 porcupines (Lair:4)
  A bullfrog (Lair:4)
  A plant (Lair:6)
17 creatures vanquished.

Vanquished Creatures (others)
  A death yak (Lair:6)
  A sky beast (D:6)
  An orc priest (D:7)
  4 fungi
  8 plants
15 creatures vanquished.

Grand Total: 517 creatures vanquished

Notes
Turn   | Place    | Note
-------+----------+-------------------------------------------
     0 | D:1      | Firecrotchwizard the Minotaur Fighter began the quest for the Orb.
     0 | D:1      | Reached XP level 1. HP: 19/19 MP: 0/0
    77 | D:1      | Reached XP level 2. HP: 21/27 MP: 1/1
   252 | D:1      | Reached skill level 4 in Shields
   529 | D:1      | Reached XP level 3. HP: 33/33 MP: 2/2
  1060 | D:2      | Reached XP level 4. HP: 32/40 MP: 3/3
  1790 | D:3      | Reached XP level 5. HP: 11/47 MP: 4/4
  1887 | D:3      | Noticed VictoriousLee's ghost (amateur VSMo)
  2182 | D:3      | Found a glowing silver altar of Zin.
  2182 | D:3      | Noticed an angel
  2199 | D:3      | Killed VictoriousLee's ghost
  2199 | D:3      | Reached skill level 5 in Maces & Flails
  2199 | D:3      | Reached skill level 5 in Shields
  2199 | D:3      | Reached XP level 6. HP: 47/55 MP: 5/5
  2858 | D:4      | Found a staircase to the Ecumenical Temple.
  2877 | Temple   | Entered the Ecumenical Temple
  3141 | D:4      | Found an ancient bone altar of Kikubaaqudgha.
  3438 | D:5      | Entered Level 5 of the Dungeon
  3495 | Temple   | Became a worshipper of Trog the Wrathful
  3638 | D:5      | Noticed a sky beast
  3652 | D:5      | Killed a sky beast
  3652 | D:5      | Reached skill level 5 in Fighting
  3652 | D:5      | Reached skill level 6 in Shields
  3652 | D:5      | Reached XP level 7. HP: 57/61 MP: 6/6
  3687 | D:5      | Found a sacrificial altar of Ru.
  4224 | D:6      | Reached skill level 5 in Armour
  4262 | D:6      | Reached * piety under Trog
  4339 | D:6      | Reached XP level 8. HP: 69/69 MP: 7/7
  4347 | D:6      | Found Silotie's Magic Scroll Shoppe.
  4387 | D:6      | Reached skill level 7 in Shields
  4482 | D:6      | Reached skill level 1 in Dodging
  4790 | D:6      | Found a blossoming altar of Fedhas.
  5308 | D:7      | Noticed Prince Ribbit
  5308 | D:7      | Noticed Joseph
  5429 | D:8      | Reached ** piety under Trog
  5429 | D:8      | Reached skill level 8 in Shields
  5509 | D:8      | Reached XP level 9. HP: 72/77 MP: 8/8
  5824 | D:8      | Found a glowing golden altar of the Shining One.
  5824 | D:8      | Noticed an angel
  5825 | D:8      | Found a runed door.
  5876 | D:8      | Reached skill level 10 in Maces & Flails
  5876 | D:8      | Reached skill level 9 in Shields
  6192 | D:8      | Reached *** piety under Trog
  6286 | D:7      | Killed Joseph
  6289 | D:7      | Killed Prince Ribbit
  6296 | D:7      | Reached skill level 10 in Shields
  6333 | D:7      | Found an iron altar of Okawaru.
  6625 | D:7      | Reached XP level 10. HP: 87/87 MP: 9/9
  6993 | D:9      | Found an opulent altar of Gozag.
  7307 | D:9      | Found a staircase to the Orcish Mines.
  7353 | D:9      | Reached **** piety under Trog
  7682 | D:10     | Entered Level 10 of the Dungeon
  7944 | D:10     | Reached skill level 11 in Shields
  8076 | D:10     | Noticed Nergalle
  8092 | D:10     | Killed Nergalle
  8164 | D:10     | Noticed Psyche
  8174 | D:10     | Killed Psyche
  8530 | D:10     | Reached XP level 11. HP: 94/96 MP: 10/10
  8745 | D:11     | Gained mutation: You have sharp fingernails. [mutagenic meat]
  8746 | D:11     | Gained mutation: You tend to lose your temper in combat. [mutagenic meat]
  8747 | D:11     | Gained mutation: You occasionally shout uncontrollably at your foes. [mutagenic meat]
  8748 | D:11     | Gained mutation: You have a pair of large horns on your head. [mutagenic meat]
  8749 | D:11     | Gained mutation: You are frail. (-10% HP) [mutagenic meat]
  8750 | D:11     | Gained mutation: You expend magic power (3 MP) to strengthen your wands. [mutagenic meat]
  8914 | D:11     | Found a staircase to the Lair.
  9123 | D:11     | Reached ***** piety under Trog
  9209 | D:11     | Lost mutation: You expend magic power (3 MP) to strengthen your wands. [potion of mutation]
  9209 | D:11     | Gained mutation: You are weak. (Str -2) [potion of mutation]
  9209 | D:11     | Gained mutation: You are surrounded by a mild repulsion field. (EV +2) [potion of mutation]
  9211 | D:11     | Gained mutation: You have a beak for a mouth. [potion of beneficial mutation]
  9216 | D:11     | Noticed Erica
  9232 | D:11     | Killed Erica
  9359 | D:11     | Reached skill level 10 in Fighting
  9724 | D:12     | Noticed a hill giant
  9738 | D:12     | Killed a hill giant
  9791 | D:12     | Noticed a hill giant
  9807 | D:12     | Killed a hill giant
  9834 | D:12     | Killed an unseen horror
  9834 | D:12     | Reached skill level 12 in Shields
  9994 | D:12     | Killed an unseen horror
 10062 | Lair:1   | Entered Level 1 of the Lair of Beasts
 10125 | Lair:1   | Reached skill level 1 in Throwing
 10231 | Lair:1   | Got a heavily runed shield
 10242 | Lair:1   | Identified the +1 shield "Vishrucs" {rElec Int+3} (You found it on level 1 of the Lair of Beasts)
 10459 | Lair:1   | Noticed a four-headed hydra
 10466 | Lair:1   | Reached XP level 12. HP: 94/96 MP: 11/11
 10474 | Lair:1   | Killed a four-headed hydra
 10522 | Lair:1   | Noticed Harold
 10537 | Lair:1   | Killed Harold
 10811 | Lair:2   | Noticed Gastronok
 10839 | Lair:2   | Killed Gastronok
 10839 | Lair:2   | Reached skill level 10 in Armour
 10839 | Lair:2   | Reached skill level 13 in Shields
 11193 | Lair:2   | Noticed a four-headed hydra
 11202 | Lair:2   | Killed a four-headed hydra
 11339 | Lair:2   | Noticed a six-headed hydra
 11351 | Lair:2   | Killed a six-headed hydra
 11487 | Lair:3   | Found a staircase to the Snake Pit.
 11583 | Lair:3   | Noticed Spathi's ghost (journeyman DsTm)
 11610 | Lair:3   | Killed Spathi's ghost
 11661 | Lair:3   | Reached skill level 14 in Shields
 11670 | Lair:3   | Found a dark tunnel.
 11694 | Volcano  | Entered a volcano
 11886 | Volcano  | Received a gift from Trog
 12007 | Lair:3   | Reached XP level 13. HP: 67/106 MP: 12/12
 12260 | Lair:3   | Found a staircase to the Shoals.
 13227 | Lair:4   | Received a gift from Trog
 13927 | Lair:5   | Reached skill level 15 in Shields
 13929 | Lair:5   | Found a snail-covered altar of Cheibriados.
 14609 | Lair:5   | Reached skill level 15 in Maces & Flails
 15169 | Lair:5   | Identified a scroll of acquirement
 15360 | Lair:6   | Entered Level 6 of the Lair of Beasts
 15388 | Lair:6   | Reached skill level 16 in Shields
 15430 | Lair:6   | Reached XP level 14. HP: 72/115 MP: 13/13
 15749 | Lair:6   | Received a gift from Trog
 16029 | Lair:6   | HP: 5/116 [catoblepas (5)]
 16031 | Lair:6   | Slain by a catoblepas

Skill      XL: |  1  2  3  4  5  6  7  8  9 10 11 12 13 14 |
---------------+-------------------------------------------+-----
Shields        | 4 5 6 8 10 11 12 14 16 | 16.4
Maces & Flails | 3 4 5 6 7 9 11 12 14 15 | 15.4
Fighting       | 4 5 6 7 9 10 12 13 | 13.9
Armour         | 4 5 6 7 9 11 12 13 | 13.1
Dodging        | 1 2 3 |  3.4
Throwing       | 1 |  1.5

Action                   |  1- 3 |  4- 6 |  7- 9 | 10-12 | 13-15 || total
-------------------------+-------+-------+-------+-------+-------++-------
Melee: Flail             |    79 |   158 |   398 |   726 |   557 ||  1918
       Headbutt          |    15 |    32 |    99 |   221 |   178 ||   545
       Mace              |       |       |   112 |    86 |    18 ||   216
       Peck              |       |       |       |   109 |   152 ||   261
       Demon whip        |       |       |       |       |    42 ||    42
Throw: Tomahawk          |       |     2 |       |       |       ||     2
       Javelin           |       |       |     8 |     3 |     3 ||    14
Invok: Berserk           |       |       |     2 |     3 |     4 ||     9
       Trog's Hand       |       |       |     1 |     3 |     1 ||     5
       Brothers in Arms  |       |       |       |       |     3 ||     3
  Use: Potion            |       |     1 |       |     4 |       ||     5
       Scroll            |       |     9 |     3 |    12 |     2 ||    26
 Stab: Petrified         |       |       |       |       |    10 ||    10
  Eat: Chunk             |       |     2 |     9 |    13 |     9 ||    33
       Pizza             |       |     1 |       |     7 |     2 ||    10
       Meat ration       |       |     1 |       |       |       ||     1
       Fruit             |       |       |     4 |     4 |     4 ||    12
       Royal jelly       |       |       |       |     1 |     1 ||     2
Armor: Scale mail        |    22 |       |       |       |       ||    22
       Chain mail        |     7 |    24 |       |       |       ||    31
       Plate armour      |       |    31 |   264 |   294 |   195 ||   784
Dodge: Dodged            |    26 |    13 |    50 |    91 |   117 ||   297
Block: Shield            |    40 |    21 |       |       |       ||    61
       Large shield      |       |   100 |   469 |   603 |   515 ||  1687
